 Dungeon Sprint DCSS version 0.18.1-6-gd335043 (webtiles) character file.

75 IcyTea the Cudgeler (level 4, -5/35 HPs)
             Began as a Demonspawn Fighter on May 16, 2016.
             Was an Initiate of Makhleb.
             Slain by a troll (6 damage)
             ... in the Dungeon (Sprint IX: "|||||||||||||||||||||||||||||").
             The game lasted 00:03:01 (358 turns).

IcyTea the Cudgeler (Demonspawn Fighter)             Turns: 358, Time: 00:03:02

Health: -5/35      AC:  9    Str: 17    XL:     4   Next: 11%
Magic:  4/4        EV:  8    Int: 13    God:    Makhleb [......]
Gold:   0          SH:  8    Dex: 12    Spells: 0 memorised, 3 levels left

rFire  . . .     SeeInvis .     p - +3 war axe (freeze)
rCold  . . .     Gourm    .     s - +1 scale mail
rNeg   . . .     Faith    .     c - +0 shield
rPois  .         Spirit   .     (helmet restricted)
rElec  .         Dismiss  .     q - +0 cloak
rCorr  .         Reflect  .     r - +0 pair of gloves
SustAt .         Harm     .     (no boots)
MR     .....     NoTele   +     (no amulet)
Stlth  ..........               t - +3 ring of intelligence
                                b - +2 ring of evasion

@: not resistant to hostile enchantments, extremely unstealthy
A: antennae 1, claws 1
a: Renounce Religion


You were in the Dungeon.
You worshipped Makhleb.
Makhleb was noncommittal.
You were not hungry.

You visited 1 branch

Inventory:

Hand Weapons
 a - a +0 flail
 p - a +3 war axe of freezing (weapon)
Armour
 c - a +0 shield (worn)
 q - a +0 cloak (worn)
 r - a +0 pair of gloves (worn)
 s - a +1 scale mail (worn)
Jewellery
 b - a +2 ring of evasion (left hand)
 t - a +3 ring of intelligence (right hand)
Wands
 o - a wand of lightning (7/15)
Scrolls
 k - 2 scrolls of blinking
 m - 3 scrolls of remove curse
 n - 2 scrolls of amnesia
Potions
 d - a potion of might
 e - 5 potions of curing
 g - a potion of invisibility
 h - a potion of haste
 i - 4 potions of magic
 j - a potion of berserk rage
 l - 2 potions of heal wounds
Comestibles
 f - a bread ration


   Skills:
 - Level 3.0 Fighting
 + Level 7.6 Maces & Flails
 - Level 2.6 Armour
 - Level 2.6 Shields


You had 3 spell levels left.
You didn't know any spells.

Dungeon Overview and Level Annotations

Branches:
Dungeon (1/1)

Altars:
Cheibriados
Dithmenos
Elyvilon
Fedhas
Gozag
Kikubaaqudgha
Makhleb
Nemelex Xobeh
Okawaru
Pakellas
Qazlal
Ru
Sif Muna
Trog
Vehumet
Xom
Yredelemnul
Zin
The Shining One
Beogh
Jiyva
Lugonu


Innate Abilities, Weirdness & Mutations

You have a pair of small antennae on your head.
You have sharp fingernails.


Message History

You block the troll's attack. The troll claws you. x2
You barely miss the troll.
The troll is moderately wounded.
You block the troll's attack. The troll closely misses you.
The troll claws you!
Your shield and scale mail prevent you from hitting the troll.
The troll is lightly wounded.
You block the troll's attack. The troll claws you but does no damage.
The troll barely misses you. The troll bites you but does no damage.
The troll claws you. x2
* * * LOW HITPOINT WARNING * * *
You completely miss the troll.
The troll is lightly wounded.
You block the troll's attack. The troll completely misses you.
The troll claws you!
* * * LOW HITPOINT WARNING * * *
You closely miss the troll.
The troll is lightly wounded.
The troll bites you.
You die...

▓.▓
▓.▓
▓|▓
▓)▓
▓.▓
▓.▓
▓[▓
▓.▓
▓@▓
▓T▓
▓Y▓
▓J▓
▓{▓
▓S▓
▓.▓
▓.▓


You could see a yak, a troll, a water moccasin and a jelly.

Vanquished Creatures
  An orc wizard (D)
  A worker ant (D)
  An adder (D)
  An adder skeleton (D)
  A worm (D)
  A goblin (D)
  A hobgoblin (D)
  A jackal (D)
  A quokka (D)
  2 rats (D)
11 creatures vanquished.

Notes
Turn   | Place    | Note
--------------------------------------------------------------
     0 | D        | IcyTea the Demonspawn Fighter began the quest for the Orb.
     0 | D        | Reached XP level 1. HP: 18/18 MP: 1/1
     9 | D        | Reached skill level 2 in Maces & Flails
    16 | D        | Reached skill level 3 in Maces & Flails
    64 | D        | Noticed a worker ant
    64 | D        | Noticed an orc wizard
    68 | D        | Reached skill level 4 in Maces & Flails
    68 | D        | Gained mutation: You have sharp fingernails. [demonic ancestry]
    68 | D        | Reached XP level 2. HP: 11/24 MP: 2/2
    73 | D        | Reached skill level 6 in Maces & Flails
    73 | D        | Reached XP level 3. HP: 14/29 MP: 3/3
   107 | D        | Reached skill level 7 in Maces & Flails
   110 | D        | Gained mutation: You have a pair of small antennae on your head. [demonic ancestry]
   110 | D        | Reached XP level 4. HP: 17/35 MP: 4/4
   279 | D        | Found a glowing silver altar of Zin.
   279 | D        | Found a glowing golden altar of the Shining One.
   279 | D        | Found an ancient bone altar of Kikubaaqudgha.
   279 | D        | Found a basalt altar of Yredelemnul.
   279 | D        | Found a shimmering altar of Xom.
   279 | D        | Found a radiant altar of Vehumet.
   280 | D        | Found an iron altar of Okawaru.
   281 | D        | Found a burning altar of Makhleb.
   282 | D        | Found a deep blue altar of Sif Muna.
   283 | D        | Found a bloodstained altar of Trog.
   284 | D        | Found a sparkling altar of Nemelex Xobeh.
   285 | D        | Found a white marble altar of Elyvilon.
   286 | D        | Found a roughly hewn altar of Beogh.
   287 | D        | Found a viscous altar of Jiyva.
   288 | D        | Found a corrupted altar of Lugonu.
   289 | D        | Became a worshipper of Makhleb the Destroyer
   290 | D        | Found a blossoming altar of Fedhas.
   291 | D        | Found a snail-covered altar of Cheibriados.
   292 | D        | Found a shadowy altar of Dithmenos.
   293 | D        | Found a stormy altar of Qazlal.
   294 | D        | Found an opulent altar of Gozag.
   295 | D        | Found a sacrificial altar of Ru.
   296 | D        | Found an oddly glowing altar of Pakellas.
   352 | D        | Noticed a troll
   352 | D        | Noticed a yak
   352 | D        | Noticed a sky beast
   352 | D        | Noticed a water moccasin
   357 | D        | HP: 1/35 [troll (8)]
   358 | D        | Slain by a troll

Skill      XL: |  1  2  3 |
---------------+----------+-----
Maces & Flails | 4 6 7 |  7.6
Fighting       | |  3.0
Armour         | |  2.6
Shields        | |  2.6

Action                   |  1- 3 |  4- 6 || total
-------------------------+-------+-------++-------
Melee: Flail             |    56 |       ||    56
       War axe           |       |     6 ||     6
  Use: Potion            |     1 |       ||     1
Armor: Scale mail        |    28 |     2 ||    30
Dodge: Dodged            |     8 |     5 ||    13
Block: Shield            |    13 |     6 ||    19
